 Dungeon Crawl Stone Soup version 0.24-a0-57-gac335f2 (console) character file.

Game seed: 5709647063647065292

14 Duffy the Skirmisher (level 2, 28/28 HPs)
             Began as a Naga Fighter on Feb 4, 2019.
             Quit the game on level 4 of the Dungeon.
             The game lasted 00:00:49 (298 turns).

Duffy the Skirmisher (Naga Fighter)                  Turns: 298, Time: 00:00:50

Health: 28/28      AC:  4    Str: 18    XL:     2   Next: 45%
Magic:  2/2        EV:  5    Int:  8    God:
Gold:   33         SH:  8    Dex: 10    Spells: 1/1 levels left

rFire    . . .     SeeInvis +   a - +0 war axe
rCold    . . .     Gourm    .   c - +0 shield
rNeg     . . .     Faith    .   b - +0 scale mail
rPois    +         Spirit   .   (no helmet)
rElec    .         Reflect  .   (no cloak)
rCorr    .         Harm     .   (no gloves)
MR       .....                  (no barding)
Stlth    ..........             (no amulet)
HPRegen  0.09/turn              (no ring)
MPRegen  0.08/turn              (no ring)

@: very slow
A: large, see invisible, deformed body, poison resistance, slowness 2, slow
metabolism 1, spit poison 1, AC +0
a: Spit Poison


You were on level 4 of the Dungeon.
You were not hungry.

You visited 1 branch of the dungeon, and saw 4 of its levels.

You collected 33 gold pieces.

Inventory:

Hand Weapons
 a - a +0 war axe (weapon)
Armour
 b - a +0 scale mail (worn)
 c - a +0 shield (worn)
Scrolls
 e - a scroll of random uselessness {unknown}
Potions
 d - a potion of might
 g - a potion of lignification {unknown}
 i - a potion of flight {unknown}
Comestibles
 f - a ration
 h - 3 chunks of flesh


   Skills:
 - Level 3.0 Fighting
 + Level 2.5 Axes
 - Level 2.4 Armour
 + Level 2.8 Shields


You had one spell level left.
You didn't know any spells.
Your spell library was empty.

Dungeon Overview and Level Annotations

Branches:
Dungeon (4/15)
 Temple: D:4-7

Altars:
Ru
Wu Jian


Innate Abilities, Weirdness & Mutations

You cannot wear boots.
Your serpentine skin is tough. (AC +0)
You have supernaturally acute eyesight. (SInv)
Armour fits poorly on your strangely shaped body.
Your system is resistant to poisons. (rPois)
You cover ground very slowly.
You have a slow metabolism.
You can spit poison.


Message History

Found a coppery potion.
Found a stone staircase leading down.
Found an ornate altar of the Wu Jian Council.
i - a coppery potion You now have 33 gold pieces (gained 3).
Found a stone staircase leading up.
Found 15 gold pieces.
You hear the slow rusting of a very distant drain.
A frilled lizard comes into view.
The frilled lizard moves out of view.
Found 13 sling bullets.
Found a sacrificial altar of Ru.
You hit the frilled lizard.
You kill the frilled lizard!
No target in view!
Are you sure you want to abandon this character and quit the game? (Confirm with "yes".)
Okay, then.
Unknown command.
Unknown command.
Unknown command.
Are you sure you want to abandon this character and quit the game? (Confirm with "yes".)

#.#.#...#.. ..
#.##..###..
#.##..##.##...
#.#...........
#.>........>..
########.............
#....................
#..<...###..........<
#..@.................
#....#...............
#.#####.....##..##.#.
##.### #..#.........#.
#....###.##..####...#.
##.#.##..###.# ##...#
#.#.....# #.. ##..#
#.##..#.# ###. ...
#.....#.# $.


There were no monsters in sight!

Vanquished Creatures
  An adder (D:3)
  3 jackals (D:3)
  A frilled lizard (D:4)
  A kobold (D:3)
6 creatures vanquished.

Notes
Turn   | Place    | Note
-------+----------+-------------------------------------------
     0 | D:1      | Duffy the Naga Fighter began the quest for the Orb.
     0 | D:1      | Reached XP level 1. HP: 21/21 MP: 1/1
    89 | D:3      | Reached XP level 2. HP: 23/28 MP: 2/2
   243 | D:4      | Found an ornate altar of the Wu Jian Council.
   275 | D:4      | Found a sacrificial altar of Ru.
   298 | D:4      | Quit the game

Vault maps used:
D:1:      minmay_arrival_five_plusses, st_stairs_7, minmay_hedge_maze
D:2:      old_standard_altar, yredelemnul_forgotten_temple_becter
D:3:      first_ration
D:4:      marbit_many_paths, nicolae_ru_sacrificial_ziggurat,
          portal_sewer_entry_b, lemuel_blue_sif_altar

Action                   || total
-------------------------++-------
Melee: War axe           ||    14
 Abil: Spit Poison       ||     2
Armor: Scale mail        ||     6
Dodge: Dodged            ||     5
Block: Shield            ||     9

Table legend:
 A = Non-vault XP
 B = Vault XP
 C = Vault XP percentage of total XP
 D = Non-vault monster count
 E = Vault monster count
 F = Vault count percentage of total count
                 A         B        C        D         E       F
            +---------+---------+-------+---------+---------+-------
      Total |      21 |       0 |   0.0 |       6 |       0 |   0.0
            +---------+---------+-------+---------+---------+-------
        D:3 |      20 |       0 |   0.0 |       5 |       0 |   0.0
        D:4 |       1 |       0 |   0.0 |       1 |       0 |   0.0
            +---------+---------+-------+---------+---------+-------
